 Dungeon Crawl Stone Soup version 0.22-a0-299-g43f9854 (webtiles) character file.

17262 matakusis the Convoker (level 12, -3/59 HPs)
             Began as a Deep Elf Summoner on Mar 25, 2018.
             Was a High Priest of Sif Muna.
             Slain by a lorocyproca (27 damage)
             ... summoned by the player character
             ... on level 13 of the Dungeon.
             The game lasted 01:49:50 (15037 turns).

matakusis the Convoker (Deep Elf Summoner)         Turns: 15037, Time: 01:49:51

Health: -3/59      AC: 10    Str:  7    XL:     12   Next: 17%
Magic:  3/40       EV: 14    Int: 31    God:    Sif Muna [*****.]
Gold:   1559       SH:  0    Dex: 15    Spells: 0/37 levels left

rFire    . . .     SeeInvis .   L - staff of cold
rCold    + + .     Gourm    .   (no shield)
rNeg     . . .     Faith    .   M - +2 robe {rC+}
rPois    +         Spirit   .   (no helmet)
rElec    .         Reflect  .   x - +2 cloak {rPois}
rCorr    +         Harm     .   f - +1 pair of gloves
MR       +....                  y - +0 pair of boots
Stlth    +.........             k - amulet of regeneration
HPRegen  0.59/turn              P - ring "Vaupus" {rCorr Str+2 Int+5}
MPRegen  0.27/turn              J - ring of magical power

@: confused
A: no striking features
a: Divine Energy, Channel Magic, Forget Spell, Renounce Religion


You were on level 13 of the Dungeon.
You worshipped Sif Muna.
Sif Muna was extremely pleased with you.
You were not hungry.

You visited 1 branch of the dungeon, and saw 13 of its levels.
You also visited: Sewer and Ice Cave.

You collected 1559 gold pieces.

Inventory:

Hand Weapons
 w - the +1 flail "Jagg" {drain, rF+ rC+ Str-2}
   (You found it on level 4 of the Dungeon)

   A truly terrible weapon, it drains the life of those it strikes.
   It affects your strength (-2).
   It protects you from fire.
   It protects you from cold.
Missiles
 o - 351 arrows
Armour
 f - a +1 pair of gloves (worn)
 x - a +2 cloak of poison resistance (worn)
 y - a +0 pair of boots (worn)
 M - a +2 robe of cold resistance (worn)
Magical Staves
 j - an uncursed staff of poison
 L - an uncursed staff of cold (weapon)
 R - an uncursed staff of conjuration
Jewellery
 b - an uncursed ring of fire
 k - an amulet of regeneration (around neck)
 n - an uncursed ring of see invisible
 J - a ring of magical power (right hand)
 P - the ring "Vaupus" (left hand) {rCorr Str+2 Int+5}
   (You found it in an ice cave)

   [ring of resist corrosion]

   It affects your strength (+2).
   It affects your intelligence (+5).
 Q - an uncursed ring of protection from cold
Wands
 m - a wand of flame (36)
 B - a wand of enslavement (14)
 F - a wand of polymorph (13)
 I - a wand of acid (7)
 N - a wand of iceblast (9)
 O - a wand of random effects (21)
Scrolls
 a - 10 scrolls of teleportation
 g - a scroll of immolation
 i - a scroll of magic mapping
 l - a scroll of blinking
 r - a scroll of enchant armour
 t - 2 scrolls of fog
 E - 6 scrolls of identify
 H - a scroll of fear
 K - 5 scrolls of remove curse
Potions
 d - 4 potions of curing
 e - 4 potions of heal wounds
 h - 2 potions of haste
 q - 4 potions of brilliance
 s - 3 potions of agility
 u - 2 potions of cancellation
 A - 4 potions of might
 C - 2 potions of flight
 D - a potion of magic
 G - a potion of resistance
Miscellaneous
 v - a lightning rod (4/4)
Comestibles
 c - 21 rations


   Skills:
 + Level 3.9 Dodging
 - Level 2.5 Stealth
 + Level 13.2 Spellcasting
 * Level 3.5 Hexes
 * Level 15.1 Summonings
 + Level 9.8 Ice Magic
 - Level 1.0 Air Magic
 * Level 2.3 Poison Magic


You couldn't memorise any spells.
You knew the following spells:

 Your Spells              Type           Power        Failure   Level  Hunger
a - Olgreb's Toxic Radia  Pois           ####....     9%          4    None
b - Cause Fear            Hex            #####.....   5%          4    None
c - Summon Ice Beast      Ice/Summ       #######.     1%          4    None
d - Summon Lightning Spi  Summ/Air       ######..     1%          4    None
e - Metabolic Englaciati  Hex/Ice        #######...   4%          5    None
f - Summon Greater Demon  Summ           #######...   3%          7    #####..
g - Ozocubu's Armour      Chrm/Ice       ######..     1%          3    None
h - Ozocubu's Refrigerat  Ice            #######...   6%          6    ####...


Dungeon Overview and Level Annotations

Branches:
Dungeon (13/15)            Temple (0/1) D:7            Lair (0/6) D:9
    Orc (0/2) D:9          Vaults (0/5) D:13

Altars:
Dithmenos
Elyvilon
Fedhas
Gozag
Hepliaklqana
Makhleb
Nemelex Xobeh
Qazlal
Sif Muna
Trog
Uskayaw
Vehumet
Wu Jian
Zin

Shops:
D:7 (}[   D:10 *   D:12 =


Message History

There is an open door here.
You hear some strange, mumbled words.
You are confused.
Your magical effects are unravelling.
You feel magically purged.
You feel less confused. Something hits you but does no damage.
Something bites you!
Something draws strength from your injuries!
Casting: Olgreb's Toxic Radiance (safe; 9% risk of failure)
Confirm with . or Enter, or press ? or * to list all spells.
You open a gate to Pandemonium!
A demon appears!
It doesn't seem very happy.
Something barely misses you. Something bites you.
Something draws strength from your injuries!
Something hits you!
You feel your power leaking away.
You are confused.
You feel invigorated. Something hits you. Something barely misses you.
Something hits you!!
You die...

####### ###########
##############...... #.........#
#..........#.'......
#.........####............#......
#.....†...##...{@.......###...<..
#...=.....'..#..........# #......
#.........########.###### #......
###'####### #..# #.{.... #.).
#.## ####### ###.# #####'#### .).
#....)...# # #†. #....).).# # .#.
#........# ########


There were no monsters in sight!

Vanquished Creatures
  A hornet zombie (D:10)
  An ogre (D:12)
  A scorpion (D:12)
  A hound (D:6)
  Ijyb (D:5)
  Natasha (D:2)
  2 orc wizards
  A leopard gecko (D:4)
  3 orcs
  A ball python (Sewer)
  A giant cockroach (D:4)
  4 hobgoblins
  3 jackals (D:10)
  A quokka (D:5)
  2 bats (D:3)
  A kobold (Sewer)
  A quokka skeleton (D:8)
  A rat (D:1)
27 creatures vanquished.

Vanquished Creatures (collateral kills)
  A frost giant (IceCv)
  Snorg (D:10)
  Harold (D:11)
  3 centaur warriors (D:13)
  2 dancing weapons (D:13)
  3 two-headed ogres
  A tengu warrior (D:9)
  Sonja (D:12)
  A cyclops (D:12)
  An ice statue (IceCv)
  Psyche (D:12)
  A gargoyle (D:13)
  A centaur skeleton (D:10)
  2 komodo dragons (D:13)
  A kobold demonologist (D:12)
  18 polar bears (IceCv)
  2 trolls (D:11)
  2 ice devils (D:11)
  2 hornets
  7 slime creatures (D:12)
  4 hippogriffs
  19 yaks
  A spriggan (D:12)
  4 hungry ghosts
  4 wyverns
  Menkaure (D:7)
  4 wargs (D:9)
  2 porcupines (D:9)
  2 sky beasts
  8 orc warriors
  A black bear (D:11)
  3 ice beasts
  6 ogres
  2 phantoms
  2 eyes of draining (D:13)
  22 wolves (IceCv)
  8 centaurs
  5 crocodiles (D:9)
  4 big kobolds
  9 bullfrogs
  2 wyvern zombies (D:11)
  7 scorpions
  3 wyvern skeletons
  14 killer bees
  19 wights
  3 howler monkeys
  4 crimson imps
  A centaur zombie (D:7)
  A quasit (D:12)
  A bullfrog skeleton (D:6)
  3 bullfrog zombies
  2 jellies
  7 orc priests
  4 hounds
  21 orc wizards
  Jessica (D:2)
  3 iguanas
  Natasha (twice) (D:2)
  9 worker ants
  A worker ant (shapeshifter) (D:9)
  2 killer bee zombies
  4 hound zombies
  2 hound skeletons
  2 howler monkey skeletons
  21 adders
  6 shadow imps
  7 oozes
  An adder zombie (D:9)
  3 worms
  3 dart slugs
  6 leopard geckos
  46 orcs
  3 ball pythons
  7 bats
  10 giant cockroaches
  8 goblins
  4 hobgoblins
  15 jackals
  6 quokkas
  4 frilled lizards
  16 kobolds
  A leopard gecko skeleton (D:8)
  2 quokka skeletons
  2 quokka zombies
  7 rats
459 creatures vanquished.

Vanquished Creatures (others)
  A wolf (IceCv)
  6 bushes (D:9)
  9 plants (D:9)
16 creatures vanquished.

Grand Total: 502 creatures vanquished

Notes
Turn   | Place    | Note
-------+----------+-------------------------------------------
     0 | D:1      | matakusis the Deep Elf Summoner began the quest for the Orb.
     0 | D:1      | Reached XP level 1. HP: 10/10 MP: 6/6
     3 | D:1      | Found a runed door.
   222 | D:1      | Reached XP level 2. HP: 15/15 MP: 5/8
   226 | D:1      | Learned a level 2 spell: Call Imp
   896 | D:1      | Reached skill level 5 in Summonings
   918 | D:1      | Reached XP level 3. HP: 19/19 MP: 3/9
  1011 | D:2      | Found a stormy altar of Qazlal.
  1012 | D:2      | Found a blossoming altar of Fedhas.
  1074 | D:2      | Noticed Jessica
  1086 | D:2      | Killed Jessica
  1157 | D:2      | Reached XP level 4. HP: 24/24 MP: 2/12
  1241 | D:2      | Learned a level 4 spell: Summon Ice Beast
  1246 | D:2      | Learned a level 4 spell: Summon Lightning Spire
  1318 | D:2      | Found a shadowy altar of Dithmenos.
  1360 | D:2      | Noticed Natasha
  1371 | D:2      | Killed Natasha
  1526 | D:2      | Found a sparkling altar of Nemelex Xobeh.
  1585 | D:2      | Noticed Natasha
  1597 | D:2      | Killed Natasha
  1673 | D:2      | Noticed Natasha
  1683 | D:2      | Killed Natasha
  1683 | D:2      | Reached skill level 6 in Summonings
  1764 | D:3      | Found a stormy altar of Qazlal.
  2224 | D:3      | Reached XP level 5. HP: 28/28 MP: 8/13
  2335 | D:3      | Found a deep blue altar of Sif Muna.
  2345 | D:3      | Became a worshipper of Sif Muna the Loreminder
  2898 | D:4      | Reached skill level 5 in Spellcasting
  2956 | D:4      | Got a jewelled flail
  2957 | D:4      | Identified the cursed +1 flail "Jagg" {drain, rF+ rC+ Str-2} (You found it on level 4 of the Dungeon)
  3311 | D:5      | Entered Level 5 of the Dungeon
  3366 | D:5      | Found a glowing drain.
  3377 | Sewer    | Entered a sewer
  3461 | Sewer    | Reached XP level 6. HP: 32/32 MP: 5/15
  3494 | Sewer    | Reached skill level 7 in Summonings
  3636 | Sewer    | Reached * piety under Sif Muna
  3733 | Sewer    | Reached skill level 1 in Ice Magic
  4075 | D:5      | Found a bloodstained altar of Trog.
  4252 | D:5      | Noticed Ijyb
  4260 | D:5      | Killed Ijyb
  4312 | D:6      | Reached XP level 7. HP: 30/36 MP: 9/17
  4322 | D:6      | Reached skill level 8 in Summonings
  4330 | D:6      | Reached ** piety under Sif Muna
  4706 | D:6      | Found a hazy altar of Hepliaklqana.
  5181 | D:6      | Found a radiant altar of Vehumet.
  5251 | D:7      | Found Iveariacs's Gadget Emporium.
  5276 | D:7      | Noticed Menkaure
  5283 | D:7      | Killed Menkaure
  5283 | D:7      | Reached skill level 9 in Summonings
  5283 | D:7      | Reached XP level 8. HP: 41/41 MP: 7/20
  5309 | D:7      | Reached skill level 1 in Air Magic
  5857 | D:7      | Found Lischieq's Armour Shoppe.
  5870 | D:7      | Found a staircase to the Ecumenical Temple.
  5980 | D:7      | Reached *** piety under Sif Muna
  6051 | D:7      | Found Qiwk's Weapon Emporium.
  6411 | D:8      | Noticed a two-headed ogre
  6433 | D:8      | Killed a two-headed ogre
  6433 | D:8      | Reached skill level 10 in Summonings
  6433 | D:8      | Reached skill level 5 in Ice Magic
  6559 | D:8      | Found an opulent altar of Gozag.
  6559 | D:8      | Found a hide-covered altar of Uskayaw.
  6596 | D:8      | Reached XP level 9. HP: 45/45 MP: 19/23
  7080 | D:8      | Reached **** piety under Sif Muna
  7473 | D:9      | Reached skill level 11 in Summonings
  7924 | D:9      | Found a staircase to the Lair.
  7957 | D:9      | Noticed a two-headed ogre
  7971 | D:9      | Killed a two-headed ogre
  7971 | D:9      | Reached skill level 10 in Spellcasting
  7985 | D:9      | Reached XP level 10. HP: 50/50 MP: 8/26
  7988 | D:9      | Found a glowing silver altar of Zin.
  8197 | D:9      | Reached ***** piety under Sif Muna
  8219 | D:9      | Reached skill level 12 in Summonings
  8334 | D:9      | Found an ornate altar of the Wu Jian Council.
  8342 | D:9      | Found a staircase to the Orcish Mines.
  8478 | D:9      | Found a glowing silver altar of Zin.
  8479 | D:9      | Found a burning altar of Makhleb.
  8480 | D:9      | Noticed an angel
  8482 | D:9      | Noticed a cacodemon
  8636 | D:10     | Entered Level 10 of the Dungeon
  8636 | D:10     | Noticed Snorg
  8759 | D:10     | Killed Snorg
  8759 | D:10     | Identified Sif Muna's Volume of Bewitchment (Sif Muna gifted it to you on level 10 of the Dungeon)
  8759 | D:10     | Received a gift from Sif Muna
  9019 | D:9      | Noticed a tengu warrior
  9026 | D:9      | Killed a tengu warrior
  9369 | D:10     | Found Qiraergh's General Store.
  9696 | D:10     | Reached skill level 13 in Summonings
 10127 | D:11     | Noticed Harold
 10148 | D:11     | Killed Harold
 10299 | D:11     | Found a frozen archway.
 10308 | IceCv    | Entered an ice cave
 10418 | IceCv    | Reached XP level 11. HP: 41/54 MP: 28/28
 10899 | IceCv    | Learned a level 5 spell: Metabolic Englaciation
 10985 | IceCv    | Identified Sif Muna's Guide on Creative Air (Sif Muna gifted it to you in an ice cave)
 10985 | IceCv    | Received a gift from Sif Muna
 10997 | IceCv    | Learned a level 7 spell: Summon Greater Demon
 11420 | IceCv    | Reached skill level 1 in Hexes
 11498 | IceCv    | Reached skill level 14 in Summonings
 11600 | IceCv    | Noticed a frost giant
 11612 | IceCv    | Killed a frost giant
 11644 | IceCv    | Got a wavering wooden ring
 11646 | IceCv    | Identified the ring "Vaupus" {rCorr Str+2 Int+5} (You found it in an ice cave)
 12572 | D:12     | Found Saetitt's Jewellery Shoppe.
 12840 | D:12     | Noticed Sonja
 12848 | D:12     | Killed Sonja
 13359 | D:12     | Noticed Psyche
 13364 | D:12     | Killed Psyche
 13364 | D:12     | Identified Sif Muna's Grimoire of Assistive Snow (Sif Muna gifted it to you on level 12 of the Dungeon)
 13364 | D:12     | Received a gift from Sif Muna
 13371 | D:12     | Learned a level 3 spell: Ozocubu's Armour
 13378 | D:12     | Learned a level 6 spell: Ozocubu's Refrigeration
 13478 | D:12     | Found a white marble altar of Elyvilon.
 13799 | D:12     | Learned a level 4 spell: Olgreb's Toxic Radiance
 14190 | D:13     | Found a gate to the Vaults.
 14190 | D:13     | Noticed an enchanted long sword
 14247 | D:13     | Noticed a centaur warrior
 14253 | D:13     | Killed a centaur warrior
 14358 | D:13     | Noticed a centaur warrior
 14365 | D:13     | Noticed an enchanted long sword
 14373 | D:13     | Killed an enchanted long sword
 14373 | D:13     | Reached skill level 1 in Poison Magic
 14374 | D:13     | Killed an enchanted long sword
 14379 | D:13     | Killed a centaur warrior
 14379 | D:13     | Reached XP level 12. HP: 59/59 MP: 21/31
 14514 | D:13     | Noticed a two-headed ogre
 14520 | D:13     | Killed a two-headed ogre
 14520 | D:13     | Reached skill level 15 in Summonings
 14657 | D:13     | Noticed a centaur warrior
 14666 | D:13     | Killed a centaur warrior
 14840 | D:13     | Learned a level 4 spell: Cause Fear
 15037 | D:13     | Slain by a lorocyproca

Vault maps used:
D:1:      dpeg_arrival_caged_fury, minmay_ruptured
D:2:      grunt_temple_overflow_forces_of_nature, marbit_many_paths,
          grunt_dithmenos_smoke, first_ration, grunt_ministairs_6, uniq_jessica,
          uniq_natasha
D:3:      led_sif_book, nicolae_qazlal_general_emergency
D:5:      portal_sewer_entry_d, trog_butcher_becter, uniq_ijyb
D:6:      kennysheep_mini, lemuel_round_altar
D:7:      minmay_temple_entry_from_below_a, serial_shops, nicolae_shop_stone,
          kennysheep_little_box, shop, uniq_menkaure
D:8:      gammafunk_temple_overflow_statue
D:9:      minmay_klotski, grunt_temple_overflow_order_and_chaos_2,
          old_standard_altar, minmay_lair_entry_grove,
          minmay_orc_entry_guard_dogs, basic_altar
D:10:     serial_shops, nicolae_shop_statue_plus, uniq_snorg
D:11:     portal_ice_cave_demonic_guard, uniq_harold
D:12:     serial_shops, shop, grunt_pizzeria, elyvilon_altar_3, uniq_sonja,
          uniq_psyche
D:13:     erik_vaults_1, spider_trap
Sewer:    sewer_co_15_rooms
IceCv:    ice_cave_caverns_02

Skill      XL: |  1  2  3  4  5  6  7  8  9 10 11 12 |
---------------+-------------------------------------+-----
Summonings     | 5 6 7 9 10 11 13 14 15 | 15.1
Spellcasting   | 4 5 6 8 10 11 13 | 13.2
Ice Magic      | 1 3 5 6 8 9 |  9.8
Air Magic      | 1 |  1.0
Dodging        | 3 |  3.9
Hexes          | 3 |  3.5
Poison Magic   | 1 2 |  2.3
Stealth        | |  2.5

Action                   |  1- 3 |  4- 6 |  7- 9 | 10-12 || total
-------------------------+-------+-------+-------+-------++-------
Melee: Dagger            |    20 |    38 |       |       ||    58
       Flail             |       |    22 |    22 |    40 ||    84
       Staff             |       |       |       |    27 ||    27
 Cast: Summon Small Mamm |    21 |       |       |       ||    21
       Call Imp          |    27 |    41 |     4 |       ||    72
       Summon Ice Beast  |       |    21 |    52 |   102 ||   175
       Summon Lightning  |       |     8 |    41 |   101 ||   150
       Metabolic Englaci |       |       |       |    15 ||    15
       Summon Greater De |       |       |       |     6 ||     6
       Olgreb's Toxic Ra |       |       |       |     5 ||     5
       Ozocubu's Refrige |       |       |       |     1 ||     1
       Cause Fear        |       |       |       |     1 ||     1
Invok: Forget Spell      |       |       |       |     1 ||     1
  Use: Scroll            |     4 |    14 |     2 |     6 ||    26
       Potion            |     1 |     2 |     1 |     5 ||     9
 Stab: Distracted        |       |       |     1 |     3 ||     4
  Eat: Chunk             |     2 |    16 |    14 |    21 ||    53
       Ration            |       |       |     1 |     1 ||     2
Armor: Robe              |     6 |    23 |    14 |    51 ||    94
Dodge: Dodged            |    20 |    65 |    41 |    96 ||   222

Table legend:
 A = Spawn XP
 B = Non-spawn XP
 C = Spawn XP percentage of total XP
 D = Spawn monster count
 E = Non-spawn monster count
 F = Spawn count percentage of total count
 G = Total turns spent on level
                    A         B        C        D         E        F      G
               +---------+---------+-------+---------+---------+-------+---------
         Total |       0 |   24660 |   0.0 |       0 |     486 |   0.0 | 15037
               +---------+---------+-------+---------+---------+-------+---------
           D:1 |       0 |      49 |   0.0 |       0 |      37 |   0.0 |   973
           D:2 |       0 |     121 |   0.0 |       0 |      26 |   0.0 |   757
           D:3 |       0 |      67 |   0.0 |       0 |      14 |   0.0 |   863
           D:4 |       0 |     129 |   0.0 |       0 |      21 |   0.0 |   718
           D:5 |       0 |     148 |   0.0 |       0 |      13 |   0.0 |   541
           D:6 |       0 |     654 |   0.0 |       0 |      24 |   0.0 |   931
           D:7 |       0 |     944 |   0.0 |       0 |      51 |   0.0 |  1182
           D:8 |       0 |     920 |   0.0 |       0 |      13 |   0.0 |   818
           D:9 |       0 |    3848 |   0.0 |       0 |      59 |   0.0 |  1712
          D:10 |       0 |    2133 |   0.0 |       0 |      46 |   0.0 |  1005
          D:11 |       0 |    1725 |   0.0 |       0 |      28 |   0.0 |   709
          D:12 |       0 |    3101 |   0.0 |       0 |      44 |   0.0 |  1909
          D:13 |       0 |    4382 |   0.0 |       0 |      33 |   0.0 |   792
         Sewer |       0 |     203 |   0.0 |       0 |      24 |   0.0 |   446
         IceCv |       0 |    6236 |   0.0 |       0 |      53 |   0.0 |  1681
               +---------+---------+-------+---------+---------+-------+---------
